 Dungeon Crawl Stone Soup version 0.18-a0-19-g8b99b3a (webtiles) character file.

5133 Raultor the Basher (level 10, 0/56 HPs)
             Began as a Gargoyle Fighter on Nov 1, 2015.
             Was a Follower of Okawaru.
             Slain by a porcupine (4 damage)
             ... on level 7 of the Dungeon.
             The game lasted 00:28:30 (11613 turns).

Raultor the Basher (Gargoyle Fighter)              Turns: 11613, Time: 00:28:30

Health: 0/56       AC: 15    Str: 22    XL:     10   Next: 58%
Magic:  10/10      EV:  8    Int:  9    God:    Okawaru [*.....]
Gold:   425        SH: 12    Dex: 10    Spells: 0 memorised, 9 levels left

rFire  . . .     SeeInvis .     N - +0 morningstar
rCold  . . .     Clarity  .     b - +0 scale mail
rNeg   + . .     SustAt   .     c - +0 shield
rPois  ∞         Gourm    .     (no helmet)
rElec  +         Spirit   .     (no cloak)
rCorr  .         Warding  .     (no gloves)
rMut   .         Stasis   .     (no boots)
MR     .....                    (no amulet)
Stlth  ..........               (no ring)
                                (no ring)

@: hasted, very quick, not resistant to hostile enchantments, extremely
unstealthy
A: negative energy resistance 1, electricity resistance, unbreathing,
petrification resistance, rot immunity, AC +7
a: Heroism, Renounce Religion


You were on level 7 of the Dungeon.
You worshipped Okawaru.
Okawaru was aware of your devotion.
You were hungry.

You visited 2 branches of the dungeon, and saw 9 of its levels.

You collected 425 gold pieces.

Inventory:

Hand Weapons
 a - a +0 flail
 N - a +0 morningstar (weapon)
Missiles
 w - 7 tomahawks (quivered)
Armour
 b - a +0 scale mail (worn)
 c - a +0 shield (worn)
Jewellery
 d - an uncursed ring of ice {unknown}
 F - a +3 ring of slaying {unknown}
 H - an uncursed ring of stealth {unknown}
 I - an uncursed ring of flight {unknown}
Wands
 s - a wand of flame (20)
 K - a wand of lightning (6)
 L - a wand of frost (28)
Scrolls
 g - 2 scrolls of random uselessness {unknown}
 k - 2 scrolls of enchant weapon {unknown}
 l - 2 scrolls of teleportation {unknown}
 m - 4 scrolls of remove curse {unknown}
 n - a scroll of blinking {unknown}
 p - 3 scrolls of magic mapping {unknown}
 u - 3 scrolls of fog {unknown}
 x - a scroll of noise {unknown}
 y - 7 scrolls of identify {unknown}
 D - a scroll of holy word {unknown}
 M - a scroll of recharging {unknown}
Potions
 h - a potion of invisibility {unknown}
 i - a potion of brilliance {unknown}
 o - a potion of ambrosia {unknown}
 q - a potion of cancellation {unknown}
 r - a potion of berserk rage {unknown}
 t - a potion of haste
 v - a potion of poison {unknown}
 A - a potion of flight {unknown}
 E - 2 potions of curing {unknown}
 G - a potion of resistance {unknown}
 J - a potion of degeneration {unknown}
Comestibles
 e - 5 bread rations
 f - 12 fruits
 j - 3 meat rations
 z - 2 slices of pizza
 B - 2 beef jerkies
 C - a royal jelly


   Skills:
 + Level 4.0 Fighting
 * Level 10.6 Maces & Flails
 + Level 8.4 Armour
 + Level 9.9 Shields


You had 9 spell levels left.
You didn't know any spells.

Dungeon Overview and Level Annotations

Branches:
Dungeon (8/15)             Temple (1/1) D:6
   Lair: D:8-11

Altars:
Ashenzari
Dithmenos
Elyvilon
Fedhas
Kikubaaqudgha
Makhleb
Nemelex Xobeh
Okawaru
Qazlal
Ru
Sif Muna
Trog
Vehumet
Xom
Yredelemnul
Zin
The Shining One

Shops:
D:4 =


Innate Abilities, Weirdness & Mutations

You are resistant to torment.
Your stone body is resilient (AC +7).
You are immune to poison.
You resist negative energy.
You are resistant to electric shocks.
You can survive without breathing.
You are immune to petrification.
You are immune to rotting.


Message History

The porcupine twitches its whiskers.
The porcupine bites you but does no damage.
The basilisk bites you but does no damage.
You closely miss the basilisk.
The basilisk is moderately wounded.
The porcupine bites you. The basilisk gazes at you.
You resist with some effort.
You miss the basilisk.
The basilisk is moderately wounded.
You block the porcupine's attack. The basilisk bites you!
* * * LOW HITPOINT WARNING * * *
The porcupine bites you!
* * * LOW HITPOINT WARNING * * *
You are too injured to fight recklessly!
Drink which item? (? for menu, Esc to quit)
It was a potion of haste.
You feel yourself speed up. The basilisk gazes at you.
You resist with some effort. The porcupine bites you.
You die...

...##..#######'######'##.........
#'###.>#...................######
#......'...................#
#......#...................#
#......#...................#
##'#####...................#
.........##########'#....########
.........#..#..l....#....#.......
.........#..'...@...#....#.......
.........#####..r†..#....#####'##
#######......#..###+#....#..##..#
#.....#......#_.##..#....#......#
#.....'......#......#....#......#
#.....#......#......#....#......#
##'##.#......#......#....#......#
....#.###....#......#....########
....#...#....####'###............


You could see a basilisk and a porcupine.

Vanquished Creatures
  Prince Ribbit (D:5)
  The ghost of George the Slasher, an amateur DsGl (D:6)
  2 yaks
  Eustachio (D:5)
  Menkaure (D:6)
  Duvessa (D:4)
  2 black bears
  2 orc warriors
  A porcupine (D:8)
  3 ogres
  2 ice beasts
  4 centaurs
  3 sky beasts
  4 big kobolds
  3 giant frogs
  A water moccasin zombie (D:7)
  A gnoll sergeant (D:4)
  Dowan (D:4)
  2 scorpions
  A crimson imp (D:7)
  3 giant frog skeletons
  A jelly (D:6)
  6 orc wizards
  7 orc priests
  3 hounds
  5 gnoll shamans
  2 iguanas
  8 worker ants
  2 hell rats (D:6)
  5 river rats (D:6)
  16 adders
  51 gnolls
  A shadow imp (D:4)
  An ooze (D:4)
  An adder skeleton (D:5)
  4 worms
  4 giant geckos
  43 orcs
  4 bats
  4 giant cockroaches
  13 hobgoblins
  15 jackals
  2 ball pythons
  3 giant newts
  3 goblins
  A goblin zombie (D:6)
  A jackal skeleton (D:4)
  49 kobolds
  A quokka (D:2)
  22 rats
318 creatures vanquished.

Vanquished Creatures (others)
  A plant (D:5)
1 creature vanquished.

Grand Total: 319 creatures vanquished

Notes
Turn   | Place    | Note
--------------------------------------------------------------
     0 | D:1      | Raultor the Gargoyle Fighter began the quest for the Orb.
     0 | D:1      | Reached XP level 1. HP: 14/14 MP: 1/1
   497 | D:1      | Reached XP level 2. HP: 19/19 MP: 2/2
   692 | D:2      | Reached XP level 3. HP: 7/23 MP: 3/3
   700 | D:2      | Reached skill level 4 in Shields
  1052 | D:2      | Reached XP level 4. HP: 25/28 MP: 4/4
  1628 | D:3      | Found a sparkling altar of Nemelex Xobeh.
  1665 | D:3      | Reached XP level 5. HP: 32/32 MP: 5/5
  1884 | D:3      | Reached skill level 5 in Shields
  2281 | D:3      | Reached XP level 6. HP: 24/37 MP: 6/6
  3068 | D:3      | Reached XP level 7. HP: 29/41 MP: 7/7
  3076 | D:3      | Reached skill level 6 in Shields
  3319 | D:3      | Reached skill level 5 in Maces & Flails
  3450 | D:3      | Reached skill level 5 in Armour
  4159 | D:5      | Entered Level 5 of the Dungeon
  4387 | D:4      | Found a white marble altar of Elyvilon.
  4836 | D:4      | Reached XP level 8. HP: 46/46 MP: 8/8
  5237 | D:4      | Found a sacrificial altar of Ru.
  5308 | D:4      | Reached skill level 7 in Shields
  6155 | D:4      | Noticed Dowan
  6175 | D:4      | Killed Dowan
  6203 | D:4      | Noticed Duvessa
  6212 | D:4      | Killed Duvessa
  6212 | D:4      | Reached skill level 8 in Shields
  6355 | D:4      | Reached XP level 9. HP: 49/51 MP: 9/9
  6423 | D:4      | Found Giajikask's Jewellery Shoppe.
  6426 | D:4      | Found a basalt altar of Yredelemnul.
  6713 | D:5      | Found an ancient bone altar of Kikubaaqudgha.
  6960 | D:5      | Found a radiant altar of Vehumet.
  6999 | D:5      | Found a shimmering altar of Xom.
  7054 | D:5      | Noticed Eustachio
  7153 | D:5      | Killed Eustachio
  7639 | D:6      | Noticed Prince Ribbit
  7907 | D:5      | Killed Prince Ribbit
  7907 | D:5      | Reached skill level 9 in Maces & Flails
  7942 | D:6      | Noticed Menkaure
  7958 | D:6      | HP: 2/51 [Menkaure/nerve-wracking pain (4)]
  8282 | D:6      | Killed Menkaure
  8612 | D:6      | Reached XP level 10. HP: 56/56 MP: 10/10
  9254 | D:6      | Found a staircase to the Ecumenical Temple.
  9260 | Temple   | Entered the Ecumenical Temple
  9489 | Temple   | Became a worshipper of Warmaster Okawaru
  9673 | D:6      | Noticed George's ghost (amateur DsGl)
  9690 | D:6      | Killed George's ghost
  9690 | D:6      | Reached skill level 10 in Maces & Flails
 10136 | D:6      | Found a runed door.
 10139 | D:6      | Found a basalt altar of Yredelemnul.
 10370 | D:7      | Reached * piety under Okawaru
 10801 | D:7      | Found a shadowy altar of Dithmenos.
 11023 | D:7      | Found a glowing golden altar of the Shining One.
 11613 | D:7      | Slain by a porcupine

Vault maps used:
D:1:      sevenhm_arrival_forest_fort_small_3
D:3:      minmay_goblin_kobold_castle, lemuel_crystal_altar, first_bread,
          minmay_misc_feat_diagonals
D:4:      lemuel_castle_with_subvaults, nicolae_overflow_hidden_temple,
          marbit_many_paths, kennysheep_mini_moat, serial_shops, shop,
          bh_chokoban, uniq_duvessa
D:5:      lemuel_crystal_altar, lemuel_coloured_pillars_altar,
          kiku_gazebo_pond_becter, serial_bayou_lagoon_a, minivault_14,
          uniq_eustachio
D:6:      lemuel_ratsnest, minmay_temple_entry_enclosed_plants,
          dk_yredelemnul_ordeal, uniq_prince_ribbit1, uniq_menkaure
D:7:      overflow_temple_1_default, kennysheep_mini
D:8:      lemuel_crystal_altar, minmay_lair_entry_grove, basic_altar,
          gup_ossuary_entry_pyramid, uniq_erolcha, uniq_psyche, uniq_pikel
Temple:   minmay_temple_curvy_8

Action                   |  1- 3 |  4- 6 |  7- 9 | 10-12 || total
-------------------------+-------+-------+-------+-------++-------
Melee: Flail             |    84 |   289 |   962 |   290 ||  1625
       Morningstar       |       |       |       |    23 ||    23
Throw: Throwing net      |       |       |     2 |       ||     2
Invok: Heroism           |       |       |       |     1 ||     1
  Use: Potion            |       |     1 |     1 |     1 ||     3
  Eat: Chunk             |       |     7 |    15 |     8 ||    30
       Fruit             |       |     1 |       |       ||     1
       Bread ration      |       |       |     1 |       ||     1
       Pizza             |       |       |       |     1 ||     1
